[Event "Late-Titled-Tuesday-Blitz-October-17-2023"]
[Site "Chess.com"]
[Date "2023.10.17"]
[Round "5"]
[White "szachmistrz2500"]
[Black "borocotoajua"]
[Result "0-1"]
[WhiteElo "2420"]
[BlackElo "2574"]
[TimeControl "180+1"]
[EndTime "14:53:51 PDT"]
[Termination "borocotoajua won by resignation"]

1. Nf3 Nf6 2. g3 g6 3. Bg2 Bg7 4. d3 O-O 5. e4 d6 6. O-O e5 7. c3 Nc6 8. Re1 d5 9. Nbd2 a5 10.
exd5 Nxd5 11. Nc4 Re8 12. Ng5 Bf5 13. Ne4 Rb8 14. a4 h6 15. Ne3 Nxe3 16. Bxe3 Ne7 17. g4 Bxe4 18. dxe4 Qc8 19. h4 Qe6 20. g5 h5 21. Qe2 Nc8 22. Kh2 Nd6 23. Red1 Red8 24. Qc2 Qg4 25. Bh3 Qxh4 26. f3 Nc4 27. Qe2 Nxe3 28. Qxe3 Bf8 29. Rd5 c6 30. Rxa5 Be7 31.
Rg1 b6 32. Ra7 Bc5 33. Qe1 Qf4+ 34. Qg3 Bxg1+ 0-1

[Event "Late-Titled-Tuesday-Blitz-October-17-2023"]
[Site "Chess.com"]
[Date "2023.10.17"]
[Round "5"]
[White "ValeriyGrinev"]
[Black "Kostukov_Alex"]
[Result "1-0"]
[WhiteElo "2590"]
[BlackElo "2406"]
[TimeControl "180+1"]
[EndTime "14:53:54 PDT"]
[Termination "ValeriyGrinev won on time"]

1. e4 c5 2. Nf3 g6 3. c4 Bg7 4. d4 cxd4 5. Nxd4 Nc6 6. Be3 Nf6 7. Nc3 Nxd4 8. Bxd4 Qa5 9. Qd2 Nxe4 10. Nxe4 Qxd2+ 11.
Kxd2 Bxd4 12. Bd3 d6 13. Rhe1 O-O 14. Nc3 Bxc3+ 15. Kxc3 Be6 16. Kd4 Rfc8 17. b3 a5 18. Be4 Rab8 19. Rac1 Rc5 20. Bd5 Bxd5 21. cxd5 Rbc8 22.
Rxc5 dxc5+ 23. Kc4 Kf8 24. Kb5 Ke8 25. Re2 Kd7 26.
Kxa5 c4 27. Kb6 cxb3 28. axb3 Rc3 29. Rb2 Rc7 30. b4 Kd6 31. Rd2 Rc4 32. b5 Rb4 33.
Re2 h5 34. g3 Rb3 35. h4 Rb4 36. Rc2 Rb3 37. Rc8 Rb2 38. Rd8+ Ke5 39. f4+ Kf6 40.
Rd7 Rb3 41. Rxb7 Rxg3 42. Kc7 Rd3 43. Rb6+ Kf5 44. Rc6 1-0

[Event "Late-Titled-Tuesday-Blitz-October-17-2023"]
[Site "Chess.com"]
[Date "2023.10.17"]
[Round "5"]
[White "dosto07"]
[Black "Lennis93"]
[Result "0-1"]
[WhiteElo "2513"]
[BlackElo "2704"]
[TimeControl "180+1"]
[EndTime "14:53:55 PDT"]
[Termination "Lennis93 won on time"]

1. e4 c5 2. Nf3 Nc6 3. Bb5 g6 4. Bxc6 dxc6 5. d3 Bg7 6. h3 Qc7 7. Nc3 e5 8. Be3 b6 9. Qd2 h6 10. a4 Nf6 11. a5 Rb8 12. axb6 axb6 13. O-O Nh5 14. Ne2 g5 15. Ng3 Nf4 16. Ra2 Bf6 17. Bxf4 gxf4 18. Nh5 Bd8 19. Qc3 f6 20. Kh2 Qf7 21.
g4 Qxa2 22. b3 Qa5 23. Qb2 Ra8 24. Nxe5 fxe5 25. Qxe5+ Kd7 26. Nxf4 Re8 27. Qf5+ Kc7 28. Qf7+ Re7 29. Qf8 Qd2 30. Ng6 Qg5 31. Nxe7 Bxe7 32.
Qf3 Bd6+ 0-1

[Event "Late-Titled-Tuesday-Blitz-October-17-2023"]
[Site "Chess.com"]
[Date "2023.10.17"]
[Round "5"]
[White "Road2GM3000"]
[Black "talaicito"]
[Result "1-0"]
[WhiteElo "2403"]
[BlackElo "2217"]
[TimeControl "180+1"]
[EndTime "14:53:56 PDT"]
[Termination "Road2GM3000 won on time"]

1. d4 e6 2. c4 f5 3. Nc3 Nf6 4.
Nf3 Bb4 5. g3 O-O 6. Bg2 d6 7.
O-O Bxc3 8. bxc3 Nc6 9. d5 Na5 10. Qd3 e5 11. Ne1 b6 12. Nc2 Qe8 13. Bg5 Nd7 14.
Nb4 Nc5 15. Qc2 Bd7 16. Kh1 f4 17. gxf4 exf4 18. Rg1 Qe5 19. Bf3 Rf5 20. Bh6 Rf7 21.
Rg5 Qf6 22. Bh5 Re7 23. Bg6 gxh6 24. Bxh7+ Kh8 25. Rg6 Qh4 26. Rag1 Rxh7 27. Qd1 Rf8 28. Qd4+ 1-0

[Event "Late-Titled-Tuesday-Blitz-October-17-2023"]
[Site "Chess.com"]
[Date "2023.10.17"]
[Round "5"]
[White "TheMagician"]
[Black "Alimpic"]
[Result "0-1"]
[WhiteElo "2195"]
[BlackElo "2502"]
[TimeControl "180+1"]
[EndTime "14:53:58 PDT"]
[Termination "Alimpic won on time"]

1. d4 g6 2. Nf3 Bg7 3. g3 d5 4. Bg2 Nh6 5. Bxh6 Bxh6 6. O-O O-O 7. Qd3 c6 8. Qb3 Qb6 9. Nbd2 Nd7 10. e3 Bg7 11. c4 Qxb3 12. axb3 e6 13. e4 dxe4 14. Nxe4 a6 15. Nd6 Rd8 16. Rad1 Nf6 17. Nxc8 Raxc8 18. Ne5 Nd7 19. f4 Nxe5 20. dxe5 Bf8 21.
Kf2 Bc5+ 22. Ke2 Kf8 23. g4 Ke7 0-1

[Event "Late-Titled-Tuesday-Blitz-October-17-2023"]
[Site "Chess.com"]
[Date "2023.10.17"]
[Round "5"]
[White "Dacean99"]
[Black "Iball95"]
[Result "1-0"]
[WhiteElo "2640"]
[BlackElo "2821"]
[TimeControl "180+1"]
[EndTime "14:54:00 PDT"]
[Termination "Dacean99 won by resignation"]

1. e4 c5 2. Nc3 e6 3. g3 d5 4. exd5 exd5 5. Bg2 Nf6 6. Nge2 Nc6 7.
d4 cxd4 8. Nxd4 Bg4 9. Nce2 Bc5 10. Be3 Qb6 11. O-O O-O 12. Nxc6 bxc6 13. Bxc5 Qxc5 14.
h3 Bxe2 15. Qxe2 Rfe8 16. Qd3 g6 17. Rfe1 a5 18. a4 Rxe1+ 19. Rxe1 Qb4 20. Qc3 Qxc3 21. bxc3 Rb8 22. c4 Rb4 23. cxd5 cxd5 24. Re5 Rxa4 25. Bxd5 Ra1+ 26. Kg2 a4 27. Bc4 Rc1 28. Ra5 Rxc2 29.
Rxa4 Kg7 30. Bd3 Rd2 31. Be4 h5 32. Bf3 Nd7 33. Re4 Nc5 34. Re2 Rd4 35. h4 Nd7 36. Re1 Kf6 37. Rd1 Ke5 38. Rxd4 Kxd4 39. g4 hxg4 40.
Bxg4 Nf6 41. Bf3 Ke5 42. Kg3 Kf5 43. Be2 Ne4+ 44. Kf3 Nd2+ 45. Kg3 Ne4+ 46. Kf3 Nc5 47. Kg3 Nd7 48. Bg4+ 1-0

[Event "Late-Titled-Tuesday-Blitz-October-17-2023"]
[Site "Chess.com"]
[Date "2023.10.17"]
[Round "5"]
[White "mfwagnerpeixoto"]
[Black "becemix"]
[Result "1-0"]
[WhiteElo "2333"]
[BlackElo "2464"]
[TimeControl "180+1"]
[EndTime "14:54:01 PDT"]
[Termination "mfwagnerpeixoto won on time"]

1. d4 e6 2. Nf3 Nf6 3. Bf4 d5 4. e3 Nbd7 5. Bd3 Be7 6. h3 O-O 7. O-O Re8 8. c4 Nf8 9. Nc3 Ng6 10.
Bh2 c6 11. Rc1 Bd6 12. Ne5 Qe7 13. f4 c5 14. cxd5 exd5 15. Nb5 cxd4 16. exd4 Bb8 17. Qc2 a6 18. Nc7 Bxc7 19. Qxc7 Nf8 20. Qb6 Ne4 21.
Bxe4 dxe4 22. Rc7 Qe6 23. Qxe6 Rxe6 24. Rxf7 1-0

[Event "Late-Titled-Tuesday-Blitz-October-17-2023"]
[Site "Chess.com"]
[Date "2023.10.17"]
[Round "5"]
[White "maximnovik"]
[Black "LogoCzar"]
[Result "0-1"]
[WhiteElo "2491"]
[BlackElo "2396"]
[TimeControl "180+1"]
[EndTime "14:54:02 PDT"]
[Termination "LogoCzar won by resignation"]

1. e4 c5 2. Nf3 Nc6 3. Bb5 d5 4.
exd5 Qxd5 5. Nc3 Qe6+ 6. Kf1 a6 7. Be2 b5 8. d3 Bb7 9. Be3 Qf5 10. Ne4 e6 11.
Nfd2 O-O-O 12. a4 Nf6 13. axb5 axb5 14. Bf3 Nd5 15. Bxc5 Nf4 16. Be3 Ne5 17. Ra7 Nxf3 18. Qxf3 Nd5 19. Qxf5 Nxe3+ 20. fxe3 exf5 21. Ng5 Bc5 22.
Nxf7 Bxa7 23. Nxh8 Rxh8 24. d4 Re8 25. Kf2 f4 26.
Nf3 Rxe3 27. c3 b4 28. Rc1 bxc3 29. bxc3 Bxf3 30. gxf3 Kd7 31. Kg2 g5 32. Ra1 Bb6 33. Rb1 Kc6 34. Rc1 h5 35. Rc2 g4 36. fxg4 hxg4 37.
Rf2 f3+ 0-1

[Event "Late-Titled-Tuesday-Blitz-October-17-2023"]
[Site "Chess.com"]
[Date "2023.10.17"]
[Round "5"]
[White "esskeettit"]
[Black "Jarming"]
[Result "0-1"]
[WhiteElo "2495"]
[BlackElo "2789"]
[TimeControl "180+1"]
[EndTime "14:54:04 PDT"]
[Termination "Jarming won by resignation"]

1. d4 Nf6 2. c4 g6 3. Nc3 d5 4.
cxd5 Nxd5 5. Nf3 Bg7 6. e3 O-O 7. Qb3 Nb6 8. Be2 Be6 9. Qc2 c5 10.
dxc5 N6d7 11. O-O Nxc5 12. Rd1 Nbd7 13. Nd4 Qc8 14. Bf3 Ne5 15. Bd5 Rd8 16. Nxe6 Nxe6 17.
Bd2 Rxd5 18. Qe4 Rc5 19. Nd5 Nc6 20. Bb4 Rb5 21. Bxe7 Rxd5 22. Qxd5 Nxe7 23. Qb5 Qc6 24. Qb4 Nd5 25. Qe4 Nb6 26. Qh4 Rc8 27. h3 Bxb2 28. Rab1 Qc2 29. Qg4 h5 30. Qf3 Rc7 31. Qg3 Kg7 32.
Qd6 Bf6 33. Qa3 Qa4 34. Qd3 Nc5 35. Qd6 Qc6 36. Qd2 Ne4 37. Qa5 Nc3 38. Qxa7 Nxd1 39. Rxb6 Qc2 40. Qb8 Qxf2+ 41. Kh1 Qf1+ 42. Kh2 Be5+ 0-1

[Event "Late-Titled-Tuesday-Blitz-October-17-2023"]
[Site "Chess.com"]
[Date "2023.10.17"]
[Round "5"]
[White "eljanov"]
[Black "Maksimus1998"]
[Result "1-0"]
[WhiteElo "2835"]
[BlackElo "2616"]
[TimeControl "180+1"]
[EndTime "14:54:08 PDT"]
[Termination "eljanov won by checkmate"]

1. d4 Nf6 2. c4 e6 3. Nc3 Bb4 4. e3 O-O 5. Bd3 Re8 6. a3 Bxc3+ 7. bxc3 c5 8. e4 d6 9. Ne2 e5 10. O-O Nc6 11. d5 Ne7 12. f3 Ng6 13. a4 Rf8 14. Qc2 Nh5 15. g3 Bd7 16. Kh1 Qc8 17.
Rf2 Ne7 18. g4 Nf6 19. Bg5 Kh8 20. Ng3 Nfg8 21. h4 f6 22. Be3 Qe8 23. a5 b6 24. Nf5 Nxf5 25. exf5 b5 26. cxb5 Bxb5 27. c4 Bd7 28. Rg1 Rb8 29. Rh2 Qd8 30. g5 Qxa5 31.
Qg2 Qd8 32. h5 Rb3 33. h6 gxh6 34. gxh6 Rf7 35. Qg7+ Rxg7 36. hxg7# 1-0

[Event "Late-Titled-Tuesday-Blitz-October-17-2023"]
[Site "Chess.com"]
[Date "2023.10.17"]
[Round "5"]
[White "norwaytoadog"]
[Black "amanmuhammethommadov"]
[Result "0-1"]
[WhiteElo "2348"]
[BlackElo "2529"]
[TimeControl "180+1"]
[EndTime "14:54:14 PDT"]
[Termination "amanmuhammethommadov won by resignation"]

1. e4 c5 2. Nf3 d6 3. Bb5+ Bd7 4.
Bxd7+ Nxd7 5. O-O Ngf6 6. Qe2 e6 7. c3 Be7 8. d4 cxd4 9. cxd4 Qb6 10. Nc3 O-O 11.
h3 Rac8 12. Be3 d5 13. e5 Ne4 14. Nb1 Rc6 15. Ne1 Rfc8 16. Kh2 Bh4 17. g3 Bg5 18. Bxg5 Nxg5 19. f4 Ne4 20. Nc3 Nxc3 21. bxc3 Rxc3 22. Rd1 f5 23. g4 g6 24. gxf5 exf5 25. Rg1 Nf8 26. h4 Qd8 27. Nf3 Rxf3 28. Qxf3 Qxh4+ 29. Kg2 Ne6 30. Rc1 Nxf4+ 31. Kf1 Rxc1+ 0-1

[Event "Late-Titled-Tuesday-Blitz-October-17-2023"]
[Site "Chess.com"]
[Date "2023.10.17"]
[Round "5"]
[White "FabianoCaruana"]
[Black "Sanan_Sjugirov"]
[Result "1-0"]
[WhiteElo "3100"]
[BlackElo "2948"]
[TimeControl "180+1"]
[EndTime "14:54:15 PDT"]
[Termination "FabianoCaruana won by resignation"]

1. b3 d5 2. Bb2 Bf5 3. d3 e6 4.
Nd2 h6 5. e4 Bh7 6. Ngf3 Nf6 7.
Qe2 Be7 8. g3 a5 9. a3 O-O 10.
Bg2 c5 11. a4 Nc6 12. O-O Nb4 13. Rfc1 Rc8 14. Ne5 Nd7 15. Nxd7 Qxd7 16. Qg4 Bg6 17. exd5 Nxd5 18. Nc4 Bf6 19. Bxf6 Nxf6 20. Qf4 Rcd8 21. Nxa5 Nd5 22. Qd2 Qc7 23. Nc4 Nb4 24. a5 e5 25. Re1 f6 26. Qc3 Bf7 27. Nb6 Rd4 28. Re4 Rfd8 29. Rae1 Qd6 30. Qd2 Nc6 31. Nc4 Qc7 32. Rxd4 Rxd4 33. Ra1 h5 34. a6 bxa6 35. Rxa6 Nb4 36. Ra8+ Rd8 37. Rxd8+ Qxd8 38. c3 Qxd3 39. cxb4 Qxb3 40. Qd8+ Kh7 41. Be4+ g6 42. Ne3 Qxb4 43.
Qxf6 Qxe4 44. Qxf7+ Kh6 45. Qf8+ 1-0

[Event "Late-Titled-Tuesday-Blitz-October-17-2023"]
[Site "Chess.com"]
[Date "2023.10.17"]
[Round "5"]
[White "zajka-molotok"]
[Black "cthulhuuu"]
[Result "1-0"]
[WhiteElo "2560"]
[BlackElo "2408"]
[TimeControl "180+1"]
[EndTime "14:54:18 PDT"]
[Termination "zajka-molotok won by resignation"]

1. e4 d6 2. d4 Nf6 3. Nc3 c6 4. f4 Qb6 5. Nf3 Bg4 6. Be2 e6 7. O-O d5 8. e5 Nfd7 9. Na4 Qa5 10. b3 b5 11. Bd2 Qc7 12. Nb2 b4 13. Nd3 c5 14. dxc5 Nxc5 15. Nxb4 Ne4 16. Bb5+ Nd7 17.
Bxd7+ Kxd7 18. Nd3 Qb6+ 19. Kh1 Ba3 20. c4 dxc4 21.
bxc4 Rhd8 22. Qa4+ Kc8 23. Qxa3 Bxf3 24. Ba5 Qd4 25.
gxf3 Nd2 26. Bxd2 Qxd3 27. Qxd3 Rxd3 28. Rad1 Ra3 29. Bb4 Rxa2 30. Rd2 a5 31. Rxa2 axb4 32. Rxa8+ 1-0

[Event "Late-Titled-Tuesday-Blitz-October-17-2023"]
[Site "Chess.com"]
[Date "2023.10.17"]
[Round "5"]
[White "wadsy27"]
[Black "sergiochess83"]
[Result "0-1"]
[WhiteElo "2657"]
[BlackElo "2856"]
[TimeControl "180+1"]
[EndTime "14:54:19 PDT"]
[Termination "sergiochess83 won by resignation"]

1. Nf3 d5 2. g3 g6 3. Bg2 Bg7 4. O-O e5 5. d3 Ne7 6. e4 O-O 7. b4 a6 8. Bb2 Nbc6 9. a3 Re8 10. Nbd2 h6 11. Re1 d4 12. Nb3 g5 13. c3 dxc3 14. Bxc3 Ng6 15. Qe2 b6 16. a4 Be6 17. Nfd2 Qd6 18. b5 Nb4 19. Bf1 Red8 20. a5 Nc2 21. axb6 cxb6 22. Rxa6 Nxe1 23. Qxe1 Rxa6 24. bxa6 Qa3 25. Qa1 Qxa1 26. Bxa1 Ne7 27. Nc4 Nc6 28. Nxb6 Bxb3 29. a7 Nxa7 0-1

[Event "Late-Titled-Tuesday-Blitz-October-17-2023"]
[Site "Chess.com"]
[Date "2023.10.17"]
[Round "5"]
[White "balachess2006"]
[Black "Lion_DL"]
[Result "1-0"]
[WhiteElo "2595"]
[BlackElo "2450"]
[TimeControl "180+1"]
[EndTime "14:54:19 PDT"]
[Termination "balachess2006 won on time"]

1. Nf3 d5 2. d4 Nf6 3. c3 g6 4. Bf4 Bg7 5. e3 O-O 6. h3 a5 7. Nbd2 a4 8. Be2 c5 9. O-O Nc6 10. Ne5 Nxe5 11. Bxe5 Bf5 12. dxc5 Nd7 13. Bxg7 Kxg7 14. b4 axb3 15. Nxb3 Nf6 16. c4 Be6 17. cxd5 Bxd5 18. Bf3 Ra3 19. Qc1 Ra4 20. Rd1 e6 21.
Qb2 Qe7 22. Bxd5 exd5 23. Rxd5 Kg8 24. Rd4 Rfa8 25. Rxa4 Rxa4 26. Nd4 Ne4 27. c6 bxc6 28. Nxc6 Qd6 29. Rc1 h5 30. Qc2 Qa3 31. Nd4 Nd6 32. Qc7 Ra6 33. Rc6 Rxc6 34. Qxc6 Kg7 35. Qc2 1-0

[Event "Late-Titled-Tuesday-Blitz-October-17-2023"]
[Site "Chess.com"]
[Date "2023.10.17"]
[Round "5"]
[White "CraiggoryC"]
[Black "maurovargas01"]
[Result "1-0"]
[WhiteElo "2203"]
[BlackElo "1907"]
[TimeControl "180+1"]
[EndTime "14:54:19 PDT"]
[Termination "CraiggoryC won on time"]

1. e4 c6 2. d4 d5 3. e5 Bf5 4.
Nf3 e6 5. Be2 Nd7 6. O-O Be7 7.
Nbd2 Nh6 8. Nb3 Ng4 9. h3 h5 10. hxg4 hxg4 11. Nh2 Rh4 12. g3 Rh3 13. Bxg4 Bxg4 14.
Qxg4 Rh7 15. Nf3 c5 16. dxc5 Nxc5 17. Nxc5 Bxc5 18. Kg2 Qb6 19. Qa4+ Ke7 20. b4 Bxb4 21. Rb1 a5 22. Rxb4 axb4 23. Qxa8 d4 24. Bb2 1-0

[Event "Late-Titled-Tuesday-Blitz-October-17-2023"]
[Site "Chess.com"]
[Date "2023.10.17"]
[Round "5"]
[White "expii"]
[Black "Predator0608"]
[Result "0-1"]
[WhiteElo "2257"]
[BlackElo "2512"]
[TimeControl "180+1"]
[EndTime "14:54:20 PDT"]
[Termination "Predator0608 won by resignation"]

1. e4 e5 2. Nf3 Nc6 3. Bb5 a6 4. Ba4 Nf6 5. d4 Nxe4 6. Qe2 Nf6 7. dxe5 Nd5 8. Bb3 Nce7 9. O-O g6 10. Nc3 Nxc3 11.
bxc3 Bg7 12. Ng5 O-O 13. Qf3 Qe8 14. Nxf7 Rxf7 15. Bg5 Kf8 16. Bxf7 Qxf7 17. Qxf7+ Kxf7 18. Bxe7 Kxe7 19. f4 b6 20. Rad1 Bb7 21. Rfe1 Rf8 22. g3 Ke6 23. Rd3 Rf7 24. Red1 Bf8 25. c4 Bc5+ 26. Kf1 Be4 27. R3d2 g5 28. Re1 Bc6 0-1

[Event "Late-Titled-Tuesday-Blitz-October-17-2023"]
[Site "Chess.com"]
[Date "2023.10.17"]
[Round "5"]
[White "gahryman"]
[Black "K_A_S_T_O_R"]
[Result "0-1"]
[WhiteElo "2667"]
[BlackElo "2868"]
[TimeControl "180+1"]
[EndTime "14:54:21 PDT"]
[Termination "K_A_S_T_O_R won on time"]

1. e4 c5 2. Nc3 a6 3. f4 d6 4. Nf3 g6 5. Bc4 Bg7 6. O-O Nc6 7. d3 e6 8. f5 exf5 9. Qe1 Nge7 10. exf5 Bxf5 11.
Ng5 Ne5 12. g4 Bxg4 13. Nxf7 Nxf7 14. Rxf7 Bd4+ 15. Kg2 Rf8 16. Rxf8+ Kxf8 17. Bh6+ Ke8 18. Qh4 Nf5 19. Re1+ Be5 20. Qxg4 Nxh6 21. Qe6+ Qe7 22. Qxe7+ Kxe7 23. Nd5+ Kf8 24. Rf1+ Kg7 25. Ne3 Re8 0-1

[Event "Late-Titled-Tuesday-Blitz-October-17-2023"]
[Site "Chess.com"]
[Date "2023.10.17"]
[Round "5"]
[White "vidavi"]
[Black "Joshukid"]
[Result "0-1"]
[WhiteElo "2401"]
[BlackElo "2554"]
[TimeControl "180+1"]
[EndTime "14:54:25 PDT"]
[Termination "Joshukid won on time"]

1. e4 e5 2. Nc3 Nc6 3. g3 g6 4. Bg2 Bg7 5. d3 Nge7 6. h4 h6 7. Be3 d6 8. Qd2 Be6 9. Nd5 Qd7 10. c3 O-O-O 11. b4 f6 12. b5 Nb8 13. a4 a6 14.
c4 f5 15. Rc1 Rdf8 16. Bb6 c6 17. Ba5 Bxd5 18. cxd5 c5 19. Qe3 axb5 20. Rxc5+ dxc5 21. Qxc5+ Nec6 22. axb5 Qe7 23. Qc3 fxe4 24. Bxe4 b6 25. dxc6 bxa5 26. Qxa5 Qc5 27. Nf3 Rf7 28. O-O Rhf8 29.
Nd2 Rxf2 30. Qa7 Qxa7 0-1

[Event "Late-Titled-Tuesday-Blitz-October-17-2023"]
[Site "Chess.com"]
[Date "2023.10.17"]
[Round "5"]
[White "Byniolus"]
[Black "Dhaydon19"]
[Result "0-1"]
[WhiteElo "2761"]
[BlackElo "2545"]
[TimeControl "180+1"]
[EndTime "14:54:27 PDT"]
[Termination "Dhaydon19 won by resignation"]

1. d4 Nf6 2. Nf3 b6 3. Bf4 Bb7 4.
h3 g6 5. e3 Bg7 6. Be2 O-O 7.
O-O d6 8. c3 Nbd7 9. Bh2 Ne4 10. a4 a5 11. Na3 e6 12. Qb3 Qe7 13. Rfd1 f5 14. Nb5 Rac8 15. Rac1 g5 16. Nd2 Ndf6 17. c4 g4 18. Nxe4 Nxe4 19. f3 g3 20. fxe4 gxh2+ 21. Kxh2 Bxe4 22. c5 d5 23. cxb6 cxb6 24. Bd3 Rxc1 25.
Rxc1 Qg5 26. Bxe4 fxe4 27. Rc2 Bh6 28. Re2 Rf6 29. Nc3 Rg6 30. Kh1 Qg3 31. Qd1 Bxe3 32. Qf1 Bf4 33. Qg1 Rh6 34. Nd1 Kh8 35. Nf2 e3 36.
Ng4 Qxg4 0-1

[Event "Late-Titled-Tuesday-Blitz-October-17-2023"]
[Site "Chess.com"]
[Date "2023.10.17"]
[Round "5"]
[White "aNaartjieZA"]
[Black "lamomiajunior"]
[Result "0-1"]
[WhiteElo "2532"]
[BlackElo "2747"]
[TimeControl "180+1"]
[EndTime "14:54:28 PDT"]
[Termination "lamomiajunior won by resignation"]

1. e4 c6 2. d3 d5 3. Nd2 g6 4. Ngf3 Bg7 5. g3 e5 6. Bg2 Ne7 7. O-O O-O 8. Re1 d4 9. a4 c5 10.
b3 Nbc6 11. Rf1 Be6 12. Ng5 Bd7 13. f4 exf4 14. gxf4 f5 15. Nc4 h6 16. Nf3 fxe4 17. dxe4 Be6 18. Rb1 Qd7 19. Nb2 Rae8 20. Nd3 b6 21.
Qe1 Nc8 22. Qg3 Bg4 23. Nh4 Kh7 24. h3 Bh5 25. e5 N8e7 26. Be4 Nf5 27. Bxf5 gxf5 28.
Kh2 Rg8 29. Qf2 Ne7 30. Bd2 Nd5 31. a5 Bf8 32. axb6 axb6 33. Ra1 Be7 34. Ra6 Qb7 35. Rfa1 Bxh4 36. Qxh4 Nc7 37. Ne1 Nxa6 38. Qxh5 Ref8 39.
e6 Nb8 40. Qe2 Rg6 41. Nf3 Re8 42. Ne5 Rgxe6 43. Re1 Nd7 44. Qh5 Nxe5 45. Qxf5+ Rg6 0-1

[Event "Late-Titled-Tuesday-Blitz-October-17-2023"]
[Site "Chess.com"]
[Date "2023.10.17"]
[Round "5"]
[White "adrivillu"]
[Black "C_K_G"]
[Result "1-0"]
[WhiteElo "2302"]
[BlackElo "1892"]
[TimeControl "180+1"]
[EndTime "14:54:29 PDT"]
[Termination "adrivillu won on time"]

1. e4 c5 2. Nc3 d6 3. f4 Nc6 4.
Nf3 a6 5. a4 e6 6. Bc4 Qc7 7.
d3 Nf6 8. O-O Be7 9. Qe1 O-O 10. e5 dxe5 11. fxe5 Nd7 12. Bf4 b6 13. Qg3 Kh8 14. Rae1 Bb7 15. Ne4 Nd4 16. Nfg5 h6 17. c3 Nf5 18. Qh3 Nxe5 19. Bxe6 Bxe4 20. Rxe4 Bxg5 21.
Bxe5 Qe7 22. Bxf5 f6 23. Bf4 Qd8 24. Qh5 Qxd3 25. Qg6 Kg8 26. Re7 1-0

[Event "Late-Titled-Tuesday-Blitz-October-17-2023"]
[Site "Chess.com"]
[Date "2023.10.17"]
[Round "5"]
[White "BardArtem"]
[Black "koncheto"]
[Result "1-0"]
[WhiteElo "2764"]
[BlackElo "2562"]
[TimeControl "180+1"]
[EndTime "14:54:30 PDT"]
[Termination "BardArtem won by resignation"]

1. e4 c5 2. c3 Nf6 3. e5 Nd5 4. Nf3 e6 5. Bc4 d6 6. d4 cxd4 7. cxd4 Nc6 8. O-O Nb6 9. Bd3 Be7 10. Nc3 O-O 11. Qe2 dxe5 12. dxe5 Bd7 13. Bf4 Nb4 14.
Be4 N4d5 15. Nxd5 Nxd5 16. Bxd5 exd5 17. Nd4 Bc5 18. Be3 Qb6 19. Rfd1 Rfe8 20. Nf3 Bb5 21.
Qe1 Bxe3 22. Qxe3 Qxe3 23. fxe3 Rad8 24. Kf2 f6 25. exf6 gxf6 26. Rac1 Bc6 27. Rd4 Rd6 28. Rg4+ Kf7 29. Nd4 Bd7 30. Rh4 Kg6 31. Rc7 Rb8 32. Ne2 a5 33. Nf4+ Kf5 34. Rh5+ Ke4 35. Ne2 d4 36. exd4 Bg4 37. Nc3+ Kd3 38. Rh4 f5 39. h3 Kxd4 40. hxg4 1-0

[Event "Late-Titled-Tuesday-Blitz-October-17-2023"]
[Site "Chess.com"]
[Date "2023.10.17"]
[Round "5"]
[White "Fdpo95"]
[Black "BobDaKow"]
[Result "1-0"]
[WhiteElo "2499"]
[BlackElo "2072"]
[TimeControl "180+1"]
[EndTime "14:54:30 PDT"]
[Termination "Fdpo95 won by resignation"]

1. e4 c6 2. d4 d5 3. Nd2 dxe4 4. Nxe4 Nf6 5. Nxf6+ exf6 6. c3 Bd6 7. Bd3 O-O 8. Ne2 Re8 9. O-O h5 10. Ng3 h4 11.
Ne4 h3 12. g3 Bf5 13. Qf3 Bg6 14. Bd2 Na6 15. Rfe1 Nc7 16. g4 Nd5 17. Qxh3 Nf4 18. Bxf4 Bxf4 19. Qf3 Qc7 20. h4 Re7 21. Nc5 Rae8 22.
Rxe7 Rxe7 23. h5 Bxd3 24. Nxd3 Bg5 25. Kg2 Qb6 26. Rd1 Re6 27. Nc5 Re7 28. b3 a6 29. Ne4 Bh6 30. Ng3 Bg5 31. Nf5 Re6 32.
c4 Qc7 33. d5 cxd5 34. cxd5 Re8 35. d6 Qd7 36. Rd5 g6 37. hxg6 fxg6 38. Ng3 Re5 39.
Rxe5 fxe5 40. Qd5+ Kh7 41. Qxe5 Bc1 42. Qe7+ 1-0

[Event "Late-Titled-Tuesday-Blitz-October-17-2023"]
[Site "Chess.com"]
[Date "2023.10.17"]
[Round "5"]
[White "TigrVShlyape"]
[Black "karinachess1"]
[Result "1-0"]
[WhiteElo "2820"]
[BlackElo "2605"]
[TimeControl "180+1"]
[EndTime "14:54:31 PDT"]
[Termination "TigrVShlyape won on time"]

1. e4 e5 2. Nf3 Nc6 3. Bb5 Nf6 4. O-O d6 5. d4 exd4 6. Nxd4 Bd7 7. Bxc6 bxc6 8.
Qf3 Be7 9. e5 dxe5 10. Nxc6 e4 11. Qc3 Nd5 12. Qc4 Nb6 13. Qxe4 Bxc6 14. Qxc6+ Qd7 15.
Qf3 O-O 16. Nc3 Rad8 17. Bf4 Bd6 18. Rad1 Rfe8 19. Bxd6 cxd6 20. Nd5 Re5 21. Nxb6 axb6 22. c4 Qa4 23. Qb3 Qxb3 24. axb3 Re2 25. Rfe1 Rxe1+ 26. Rxe1 Kf8 27. Rd1 Ke7 28. Rd5 Ra8 29. g3 Ra1+ 30. Kg2 Rb1 31. Rb5 Rxb2 32. Rxb6 h5 33. h4 g6 34. Kf3 Kd7 35. Ke3 Rb1 36. f3 Rg1 37.
Kf4 Rc1 38. Rb7+ Ke6 39. Rc7 Rb1 40. Rb7 Rc1 41. Rb5 f6 42. g4 hxg4 43. fxg4 Rf1+ 44. Kg3 Rg1+ 45. Kf3 Rf1+ 46. Kg2 Rb1 47. h5 gxh5 48.
gxh5 f5 49. h6 Kf6 50. Rb6 Rd1 51. c5 Kg5 52. Rxd6 1-0

[Event "Late-Titled-Tuesday-Blitz-October-17-2023"]
[Site "Chess.com"]
[Date "2023.10.17"]
[Round "5"]
[White "protectiago"]
[Black "KorolDimitriy75"]
[Result "1-0"]
[WhiteElo "2085"]
[BlackElo "2330"]
[TimeControl "180+1"]
[EndTime "14:54:33 PDT"]
[Termination "protectiago won on time"]

1. d4 Nf6 2. c4 c5 3. d5 b5 4. cxb5 a6 5. bxa6 g6 6. g3 Bxa6 7. Bg2 d6 8. Nf3 Bg7 9. O-O O-O 10. Nc3 Nbd7 11. Qc2 Qa5 12. Rd1 Rfb8 13. Rb1 Ne8 14. Bg5 Kf8 15. Qe4 Ndf6 16. Qh4 Rb4 17. Qh3 Bc8 18. g4 Bxg4 19. Qg3 Nh5 20. Qh4 f6 21. a3 Rc4 22. Nd2 Rd4 23. Be3 g5 24. Bxg5 Bxe2 25. Nb3 Rxh4 26. Nxe2 Qa4 27. Bxh4 Qxh4 28. Ng3 Nf4 29. Nd2 Nxg2 30. Kxg2 1-0

[Event "Late-Titled-Tuesday-Blitz-October-17-2023"]
[Site "Chess.com"]
[Date "2023.10.17"]
[Round "5"]
[White "Genghis_K"]
[Black "Deeper44"]
[Result "1-0"]
[WhiteElo "2855"]
[BlackElo "2637"]
[TimeControl "180+1"]
[EndTime "14:54:34 PDT"]
[Termination "Genghis_K won by checkmate"]

1. e4 e6 2. d4 d5 3. Nc3 Nf6 4.
e5 Nfd7 5. f4 c5 6. Nf3 Nc6 7.
Be3 Be7 8. Qd2 O-O 9. dxc5 Nxc5 10. a3 a6 11. Qf2 Qa5 12. O-O-O Na4 13. Nxa4 Qxa4 14.
Nd4 Bd7 15. h4 Rfc8 16. Nb3 Nxe5 17. fxe5 Qxb3 18. Kb1 Qa4 19. Rd4 Qa5 20. Bd3 Bb5 21. Bxh7+ Kxh7 22. Qxf7 Bf8 23. h5 Be8 24. Qxf8 Rxc2 25.
h6 Rxb2+ 26. Kxb2 Qb6+ 27. Ka1 Qc7 28. hxg7+ Kg6 29. Qf6# 1-0

[Event "Late-Titled-Tuesday-Blitz-October-17-2023"]
[Site "Chess.com"]
[Date "2023.10.17"]
[Round "5"]
[White "alexrustemov"]
[Black "MathiasWomacka"]
[Result "1-0"]
[WhiteElo "2827"]
[BlackElo "2534"]
[TimeControl "180+1"]
[EndTime "14:54:34 PDT"]
[Termination "alexrustemov won on time"]

1. d4 Nf6 2. c4 e6 3. Nf3 Bb4+ 4. Bd2 Qe7 5. g3 Bxd2+ 6. Qxd2 Nc6 7. Nc3 d5 8. Bg2 dxc4 9. O-O O-O 10. Ne5 Nxe5 11. dxe5 Nd7 12. Qd4 Qc5 13. Qxc5 Nxc5 14. Rfd1 Bd7 15. Rd4 Rab8 16. Rxc4 Na6 17. Rd1 Bc6 18.
Bxc6 bxc6 19. Rxc6 Rb6 20. Rxb6 axb6 21. f4 Rc8 22. Kf2 Kf8 23. e4 Ke7 24. Ke3 Nc5 25. b4 Nd7 26. a4 c5 27. b5 f6 28. exf6+ gxf6 29. Ra1 h5 30. a5 bxa5 31. Rxa5 Rc7 32.
Ra6 Rb7 33. Kd3 Nb6 34. h3 Kf7 35. g4 hxg4 36. hxg4 Kg6 37. f5+ exf5 38. gxf5+ Kg5 39.
Rxb6 Rxb6 40. Kc4 Rb8 41. Kxc5 Kf4 42. b6 Ke5 43. Nd5 Kxe4 44. Ne7 Ra8 45. b7 Rh8 46. Nc8 Rh1 47. b8=Q Rc1+ 48. Kd6 1-0